 Dungeon Sprint DCSS version 0.21.1-1-g345015f (webtiles) character file.

1522 wilfster70 the Covert (level 8, -9/39 HPs)
             Began as a Spriggan Enchanter on Feb 23, 2018.
             Was an Initiate of Dithmenos.
             Shot with an arrow by a centaur warrior (19 damage)
             ... in the Dungeon (Sprint I: "Red Sonja").
             The game lasted 00:03:13 (327 turns).

wilfster70 the Covert (Spriggan Enchanter)           Turns: 327, Time: 00:03:13

Health: -9/39      AC:  2    Str:  4    XL:     8   Next: 54%
Magic:  23/23      EV: 20    Int: 19    God:    Dithmenos [......]
Gold:   542        SH:  0    Dex: 16    Spells: 22/28 levels left

rFire    . . .     SeeInvis +   a - +1 dagger
rCold    . . .     Gourm    .   (shield restricted)
rNeg     . . .     Faith    .   b - +0 robe
rPois    .         Spirit   .   (helmet restricted)
rElec    .         Reflect  .   (no cloak)
rCorr    .         Harm     .   (gloves unavailable)
MR       +....     NoTele   +   (boots unavailable)
Stlth    +++.......             (no amulet)
HPRegen  0.13/turn              (no ring)
MPRegen  0.18/turn              (no ring)

@: slow
A: very small, unfitting armour, see invisible, herbivore, speed 3, slow
metabolism 2
a: Renounce Religion


You were in the Dungeon.
You worshipped Dithmenos.
Dithmenos was noncommittal.
You were not hungry.

You visited 1 branch You collected 542 gold pieces.

Inventory:

Hand Weapons
 a - a +1 dagger (weapon)
Armour
 b - a +0 robe (worn)
Scrolls
 i - a scroll of random uselessness {unknown}
 j - a scroll of blinking
Potions
 e - a potion of curing
 f - a potion of heal wounds
 g - a potion of haste
 h - 2 potions of magic
Books
 c - a book of Maledictions

   Spells                             Type                      Level
   a - Corona                         Hexes                        1
   b - Ensorcelled Hibernation        Hexes/Ice                    2
   c - Confuse                        Hexes                        3
   d - Tukima's Dance                 Hexes                        3
   e - Dazzling Spray                 Conjuration/Hexes            3
Comestibles
 d - 2 rations


   Skills:
 + Level 2.6 Fighting
 + Level 9.5 Short Blades
 - Level 4.7 Dodging
 + Level 13.5 Stealth
 + Level 10.6 Spellcasting
 + Level 10.8 Hexes
 - Level 6.1 Ice Magic


You had 22 spell levels left.
You knew the following spells:

 Your Spells              Type           Power        Failure   Level  Hunger
a - Corona                Hex            ######.      1%          1    None
b - Ensorcelled Hibernat  Hex/Ice        #####.       1%          2    None
c - Confuse               Hex            ######..     1%          3    None


Dungeon Overview and Level Annotations

Branches:
Dungeon (1/1)

Altars:
Cheibriados
Dithmenos
Elyvilon
Fedhas
Gozag
Hepliaklqana
Kikubaaqudgha
Nemelex Xobeh
Okawaru
Qazlal
Ru
Sif Muna
Trog
Uskayaw
Vehumet
Wu Jian
Yredelemnul
Zin
The Shining One

Shops:
D :[


Innate Abilities, Weirdness & Mutations

You are very small and have problems with some larger weapons.
You are too small for most types of armour.
You have supernaturally acute eyesight. (SInv)
You are a herbivore.
You cover ground extremely quickly.
You need consume almost no food.


Message History

You now have 529 gold pieces (gained 16).
You now have 542 gold pieces (gained 13).
You see here a chain mail.
You open the door.
Found 10 stones and 13 gold pieces. 2 centaur warriors come into view.
There is an open door here.
You enter the shallow water.
Moving in this stuff is going to be slow.
The centaur warrior shouts! x2
The centaur warrior wields a shortbow.
The centaur warrior shoots an arrow.
The arrow misses you.
You hear a splash.
The centaur warrior wields a shortbow.
The centaur warrior shoots an arrow.
The arrow hits you!!
Ouch! That really hurt!
* * * LOW HITPOINT WARNING * * *
You hear a splash.
The centaur warrior shoots an arrow.
The arrow hits you!!
You die...

##############
.#.['..#.)'..#
.'..#.)'..#..+
.#####'#####'#
.####..#...#[####§§
.#__####..##!#§§§§c
.#_____##'#_.+§§§§§
⌠#_.∩...'..._#§§@§c
##_..__##_.#+##§###
#_____###'# #)[..###
#########.####'###.##
+...'.....'.∩#
#.).########## ##.##
#+#


You could see 2 centaur warriors.

Vanquished Creatures
  Sonja (D)
  A deep troll (D)
  Sigmund (D)
  A yak (D)
  An ogre (D)
  A jelly (D)
  Ijyb (D)
7 creatures vanquished.

Vanquished Creatures (others)
  A gargoyle (D)
1 creature vanquished.

Grand Total: 8 creatures vanquished

Notes
Turn   | Place    | Note
-------+----------+-------------------------------------------
     0 | D        | wilfster70 the Spriggan Enchanter began the quest for the Orb.
     0 | D        | Reached XP level 1. HP: 9/9 MP: 5/5
     2 | D        | Noticed Ijyb
    17 | D        | Killed Ijyb
    17 | D        | Reached skill level 5 in Stealth
    17 | D        | Reached XP level 2. HP: 13/13 MP: 6/8
    26 | D        | Learned a level 2 spell: Ensorcelled Hibernation
    80 | D        | Noticed an ogre
    88 | D        | Killed an ogre
    88 | D        | Reached skill level 7 in Stealth
    88 | D        | Reached skill level 5 in Spellcasting
    88 | D        | Reached XP level 3. HP: 16/16 MP: 0/11
    88 | D        | Reached XP level 4. HP: 21/21 MP: 0/12
    96 | D        | Killed a gargoyle
   179 | D        | Noticed Sigmund
   183 | D        | Killed Sigmund
   183 | D        | Reached skill level 9 in Stealth
   183 | D        | Reached XP level 5. HP: 24/24 MP: 10/15
   183 | D        | Reached XP level 6. HP: 28/28 MP: 11/17
   188 | D        | Learned a level 3 spell: Confuse
   233 | D        | Found a deep blue altar of Sif Muna.
   234 | D        | Found an ornate altar of the Wu Jian Council.
   235 | D        | Found a radiant altar of Vehumet.
   239 | D        | Reached skill level 10 in Stealth
   254 | D        | Found Catueff's Book Emporium.
   254 | D        | Found an ancient bone altar of Kikubaaqudgha.
   254 | D        | Found a hazy altar of Hepliaklqana.
   254 | D        | Found a hide-covered altar of Uskayaw.
   254 | D        | Found a basalt altar of Yredelemnul.
   254 | D        | Found an opulent altar of Gozag.
   254 | D        | Found a snail-covered altar of Cheibriados.
   254 | D        | Found a sacrificial altar of Ru.
   254 | D        | Found a shadowy altar of Dithmenos.
   254 | D        | Noticed a yak
   255 | D        | Found a stormy altar of Qazlal.
   255 | D        | Found a blossoming altar of Fedhas.
   255 | D        | Found a bloodstained altar of Trog.
   255 | D        | Found an iron altar of Okawaru.
   255 | D        | Found a glowing golden altar of the Shining One.
   255 | D        | Found a glowing silver altar of Zin.
   255 | D        | Found a white marble altar of Elyvilon.
   256 | D        | Killed a yak
   257 | D        | Found a sparkling altar of Nemelex Xobeh.
   263 | D        | Became a worshipper of Dithmenos the Shadowed
   271 | D        | Noticed Sonja
   275 | D        | Killed Sonja
   275 | D        | Reached skill level 12 in Stealth
   275 | D        | Reached skill level 10 in Hexes
   275 | D        | Reached XP level 7. HP: 32/32 MP: 19/21
   275 | D        | Reached XP level 8. HP: 36/36 MP: 19/22
   285 | D        | Noticed a deep troll
   290 | D        | Killed a deep troll
   290 | D        | Reached skill level 13 in Stealth
   290 | D        | Reached skill level 10 in Spellcasting
   296 | D        | Found Piec's Armour Emporium.
   327 | D        | Noticed a centaur warrior
   327 | D        | Noticed a centaur warrior
   327 | D        | Shot with an arrow by a centaur warrior

Skill      XL: |  1  2  3  4  5  6  7  8 |
---------------+-------------------------+-----
Short Blades   | 2 4 6 8 9 |  9.5
Dodging        | 4 |  4.7
Stealth        | 5 7 9 12 13 | 13.5
Spellcasting   | 4 5 7 9 10 | 10.6
Hexes          | 4 6 7 10 | 10.8
Ice Magic      | 2 3 6 |  6.1
Fighting       | 2 |  2.6

Action                   |  1- 3 |  4- 6 |  7- 9 || total
-------------------------+-------+-------+-------++-------
Melee: Dagger            |    14 |     4 |     1 ||    19
 Cast: Ensorcelled Hiber |     4 |     1 |     1 ||     6
  Use: Potion            |     1 |       |       ||     1
 Stab: Sleeping          |     3 |     4 |     1 ||     8
Dodge: Dodged            |    11 |       |     1 ||    12
